 Dungeon Crawl Stone Soup version 0.31-a0-1300-gb6740aa4e6 (webtiles) character file.

Game seed: 16241122361141272850

44 croobank the Chopper (level 3, 0/34 HPs)
             Began as a Hill Orc Monk on Dec 19, 2023.
             Slain by a gnoll
             ... wielding a +0 spear
              (5 damage)
             ... on level 1 of the Dungeon.
             The game lasted 00:01:59 (1059 turns).

croobank the Chopper (Hill Orc Monk)                Turns: 1059, Time: 00:01:59

Health: 0/34       AC:  2    Str: 15    XL:     3   Next: 62%
Magic:  3/3        EV: 12    Int:  8    God:
Gold:   23         SH:  0    Dex: 13    Spells: 2/2 levels left

rFire   . . .        a - +0 hand axe
rCold   . . .        d - orb {light}
rNeg    . . .        b - +0 robe
rPois   .            (no helmet)
rElec   .            (no cloak)
rCorr   .            (no gloves)
SInv    .            (no boots)
Will    +....        (no amulet)
Stlth   +            l - ring of wizardry
HPRegen 0.00/turn    (no ring)
MPRegen 0.08/turn

%: wizardry (x1)
@: inhibited regen, glowing
A: hooves 1, dopey 1, strong-willed 1, inhibited regeneration
a: no special abilities


You were on level 1 of the Dungeon.
You visited 1 branch of the dungeon, and saw 2 of its levels.

You collected 23 gold pieces.

Inventory:

Hand Weapons
 a - a +0 hand axe (weapon)
Armour
 b - a +0 robe (worn)
 d - an orb of light (worn)
 h - a +0 ring mail
Jewellery
 l - a ring of wizardry (left hand)
Scrolls
 e - a scroll of blinking {unknown}
Potions
 c - a potion of ambrosia
 f - a potion of mutation
 g - a potion of cancellation {unknown}
 i - a potion of invisibility {unknown}
 j - a potion of magic {unknown}
 k - a potion of curing {unknown}


   Skills:
 + Level 4.3 Fighting
 + Level 4.7 Axes
 + Level 2.9 Dodging


You had 2 spell levels left.
You didn't know any spells.
Your spell library was empty.

Dungeon Overview and Level Annotations

Branches:
Dungeon (2/15)

Altars:


Innate Abilities, Weirdness & Mutations

You have large cloven feet.
You are dopey. (Int -2)
You are strong-willed. (Will+)
You do not regenerate when monsters are visible.


Message History

You climb downwards.
The gnoll throws a stone.
The stone hits you but does no damage. The rat barely misses you.
The gnoll closely misses you.
The gnoll throws a stone.
The stone hits you.
There is a stone staircase leading up here.
The rat closely misses you. The gnoll misses you.
You climb upwards.
There is a stone staircase leading down, spattered with blood here.
You hit the rat but do no damage. The rat barely misses you.
You completely miss the rat. The rat bites you. x2
You hit the rat.
You kill the rat!
You see here a rat corpse.
You start resting.
HP restored.
There is a stone staircase leading down, spattered with blood here.
You climb downwards.
The gnoll closely misses you.
The gnoll throws a stone.
The stone barely misses you.
There is a stone staircase leading up here.
The gnoll barely misses you.
The gnoll hits you from afar with a +0 spear.
The gnoll closely misses you.
The gnoll throws a stone.
The stone hits you.
There is a stone staircase leading up here.
The gnoll hits you with a +0 spear. The gnoll barely misses you.
There is a stone staircase leading up here.
The gnoll hits you with a +0 spear.
You climb upwards.
There is a stone staircase leading down, spattered with blood here.
The gnoll hits you but does no damage. The gnoll hits you with a +0 spear!
You see here a rat corpse.
The gnoll hits you from afar with a +0 spear!
You are too injured to fight recklessly!
You are too injured to fight recklessly!
You are too injured to fight recklessly!
It was a potion of mutation.
You feel extremely strange.
You feel stupid.
You feel strong-willed.
Your regeneration stops near monsters.
Your feet thicken and deform.
The gnoll hits you from afar with a +0 spear!
* * * LOW HITPOINT WARNING * * *
The gnoll hits you from afar with a +0 spear.
You die...

####.####
#.#....######.#..##.#.#
.....# #.#....#
#[#..#..#.#
###########.#....#
#.#####.#.#
............#....#
#........)#
....############.#
#######.###
....############)# #.#
....'........(.gg# #.#
....############†# #.#
....# #@# ########'###
....# #.# #..........#
....# #.# #..........#
....# #.# #..........#
.#### ##.# #..........#
.# #..# #..........# .#
#.## ########.### .#
#.# #.# .# #.# #.#


You could see 2 gnolls.

Vanquished Creatures
  A gnoll (D:1)
  An adder (D:1)
  A dart slug (D:1)
  2 endoplasms (D:1)
  2 goblins (D:1)
  2 hobgoblins (D:1)
  2 kobolds (D:1)
  2 quokkas (D:1)
  4 ball pythons (D:1)
  3 bats (D:1)
  4 rats (D:1)
24 creatures vanquished.

Notes
Turn   | Place    | Note
-------+----------+-------------------------------------------
     0 | D:1      | croobank the Hill Orc Monk began the quest for the Orb.
     0 | D:1      | Reached XP level 1. HP: 19/19 MP: 1/1
    56 | D:1      | Reached XP level 2. HP: 19/27 MP: 2/2
   687 | D:1      | Reached XP level 3. HP: 32/33 MP: 3/3
  1059 | D:1      | Gained mutation: You are dopey. (Int -2) [potion of
                  | mutation]
  1059 | D:1      | Gained mutation: You are strong-willed. (Will+) [potion of
                  | mutation]
  1059 | D:1      | Gained mutation: You do not regenerate when monsters are
                  | visible. [potion of mutation]
  1059 | D:1      | Gained mutation: You have large cloven feet. [potion of
                  | mutation]
  1059 | D:1      | Slain by a gnoll

Illustrated notes

Levels and vault maps discovered:
D:1:      scummos_arrival_forest, layout_basic
D:2:      layout_loops_cross, dreamdust_ecumenical_altar_sealed_demon

Skill      XL: |  1  2 |
---------------+-------+-----
Fighting       | 4 |  4.3
Axes           | |  4.7
Dodging        | |  2.9

Action                     || total
---------------------------++-------
  Melee: Hand axe          ||    69
    Use: Potion            ||     1
 Armour: Robe              ||    60
  Dodge: Dodged            ||    51

Table legend: (Time is in decaauts)
 A = Elapsed time spent in this place.
 B = Non-inter-level travel time spent in this place.
 C = Inter-level travel time spent in this place.
 D = Time resting spent in this place.
 E = Time spent auto-exploring this place.
 F = Levels seen in this place.
 G = Mean time per level.
                   A        B        C        D        E       F      G
               +--------+--------+--------+--------+--------+-----+--------+
         Total |   1067 |   1045 |     22 |    248 |    580 |   2 |  533.5 |
       Dungeon |   1067 |   1045 |     22 |    248 |    580 |   2 |  533.5 |
               +--------+--------+--------+--------+--------+-----+--------+

Top non-repeatable levels by time:
     D:1: 1032 daAuts
     D:2: 35 daAuts
